 Dungeon Crawl Stone Soup version 0.27.1-34-g3ba077fa99 (webtiles) character file.

Game seed: 13947995078604472195

159 Destapler the Covered (level 5, -1/47 HPs)
             Began as a Gnoll Wanderer on Jan 2, 2022.
             Was a Believer of Zin.
             Slain by a gnoll (7 damage)
             ... on level 4 of the Dungeon.
             The game lasted 00:07:13 (2966 turns).

Destapler the Covered (Gnoll Wanderer)              Turns: 2966, Time: 00:07:14

Health: -1/47      AC: 14    Str: 11    XL:     5   Next: 40%
Magic:  7/7        EV: 11    Int: 13    God:    Zin [**....]
Gold:   102        SH:  0    Dex: 11    Spells: 6/6 levels left

rFire    . . .     SeeInvis .   a - +2 falchion (protect)
rCold    . . .     Faith    .   (no shield)
rNeg     . . .     Spirit   .   c - +0 ring mail
rPois    +         Reflect  .   e - +0 helmet
rElec    .         Harm     .   (no cloak)
rCorr    .         Rampage  .   (no gloves)
Will     .....                  (no boots)
Stlth    +.........             (no amulet)
HPRegen  0.15/turn              k - ring of poison resistance
MPRegen  0.10/turn              (no ring)

@: under a protective aura
A: fangs 1, strong nose, distributed training
a: Renounce Religion, Recite, Vitalisation, Donate Gold


You were on level 4 of the Dungeon.
You worshipped Zin.
Zin was pleased with you.
You visited 1 branch of the dungeon, and saw 6 of its levels.

You collected 113 gold pieces.
You donated 11 gold pieces to Zin.

Inventory:

Hand Weapons
 a - a +2 falchion of protection (weapon)
 m - a +3 dagger
Missiles
 j - 20 poisoned darts
Armour
 c - a +0 ring mail (worn)
 e - a +0 helmet (worn)
Jewellery
 k - a ring of poison resistance (left hand)
Scrolls
 b - 3 scrolls of teleportation
 d - a scroll of enchant weapon {unknown}
 g - 3 scrolls of identify
 h - 2 scrolls of holy word
Potions
 i - 2 potions of attraction


   Skills:
 + Level 6.7 Fighting
 + Level 1.4 Short Blades
 + Level 3.0 Long Blades
 + Level 1.4 Axes
 + Level 1.4 Maces & Flails
 + Level 1.4 Polearms
 + Level 1.4 Staves
 + Level 1.4 Slings
 + Level 1.4 Bows
 + Level 1.4 Crossbows
 + Level 3.0 Throwing
 + Level 6.7 Armour
 + Level 3.0 Dodging
 + Level 1.4 Stealth
 + Level 1.4 Shields
 + Level 1.4 Unarmed Combat
 + Level 1.4 Spellcasting
 + Level 1.1 Conjurations
 + Level 1.1 Hexes
 + Level 1.1 Summonings
 + Level 1.1 Necromancy
 + Level 1.1 Translocations
 + Level 1.1 Transmutations
 + Level 1.1 Fire Magic
 + Level 1.1 Ice Magic
 + Level 1.1 Air Magic
 + Level 1.1 Earth Magic
 + Level 1.1 Poison Magic
 + Level 1.6 Invocations
 + Level 3.0 Evocations


You had 6 spell levels left.
You didn't know any spells.
Your spell library contained the following spells:

 Spells                   Type           Power      Damage    Failure   Level
 Apportation              Tloc           8%         N/A       34%         1
 Summon Small Mammal      Summ           16%        N/A       34%         1
 Alistair's Intoxication  Tmut/Pois      2%         N/A       100%        5
 Invisibility             Hex            2%         N/A       100%        6


Dungeon Overview and Level Annotations

Branches:
Dungeon (6/15)
 Temple: D:4-7

Altars:
Ashenzari
Makhleb
Zin


Innate Abilities, Weirdness & Mutations

You have very sharp teeth.
Your uncanny sense of smell can sniff out nearby items.
Your experience applies equally to all skills.


Message History

* * * LOW HITPOINT WARNING * * *
An adder comes into view.
The adder hisses angrily.
The kobold hits you but does no damage. The kobold misses you.
You riposte.
You miss the kobold. The kobold closely misses you.
The kobold hits you with a +0 club.
* * * LOW HITPOINT WARNING * * *
A jackal comes into view.
The jackal barks!
A jackal comes into view.
The kobold completely misses you.
You riposte.
You closely miss the kobold. You bite the kobold, but do no damage.
You hear a bark!
Okay, then.
As you read the scroll labelled WOCEMI ROIRENUI, it crumbles to dust.
It is a scroll of identify.
h - 2 scrolls of holy word The kobold barely misses you.
The jackal closely misses you. The kobold hits you with a +0 club.
* * * LOW HITPOINT WARNING * * *
The jackal bites you but does no damage.
As you read the scroll labelled SOTUTESM NI MYUBB, it crumbles to dust.
You hear a loud clanging noise!
It was a scroll of noise.
You hear a bark!
You hear a shout!
A jackal comes into view.
The kobold hits you but does no damage. The jackal barely misses you.
As you read the scroll labelled WEIXISE YLABITT, it crumbles to dust.
It is a scroll of brand weapon.
Your +2 falchion projects an invisible shield of force!
a - a +2 falchion of protection (weapon)
The kobold is no longer berserk.
The kobold barely misses you.
You riposte.
You hit the kobold.
Your weapon exudes an aura of protection.
You kill the kobold!
The jackal bites you but does no damage.
You hit the gnoll but do no damage. The jackal barely misses you.
The gnoll hits you with a +1 flail of protection!
You die...

##.##o#.###
. #g##.#.#
#..g...#
####S### #g#
#.# ## #.#
..
#.####.##...
#.Sg@hh....#
######h#####
#


You could see a gnoll, an adder and 3 jackals.

Vanquished Creatures
  A hound (D:5)
  An iguana (D:3)
  A gnoll (D:4)
  2 adders
  A white imp (D:5)
  2 worms (D:2)
  2 dart slugs (D:2)
  An orc (D:6)
  6 ball pythons
  3 endoplasms
  3 giant cockroaches
  4 goblins
  5 hobgoblins
  4 kobolds
  4 quokkas
  5 bats
  4 frilled lizards
  8 rats
57 creatures vanquished.

Notes
Turn   | Place    | Note
-------+----------+-------------------------------------------
     0 | D:1      | Destapler the Gnoll Wanderer began the quest for the Orb.
     0 | D:1      | Destapler set off with the following items: a +2 falchion,
                  | a scroll of teleportation, a +0 ring mail
     0 | D:1      | Reached XP level 1. HP: 23/23 MP: 1/1
     0 | D:1      | Noticed an elf
     0 | D:1      | Noticed a palentonga
     1 | D:1      | Noticed a human
     3 | D:1      | Noticed a minotaur
     5 | D:1      | Noticed an ogre
     6 | D:1      | Noticed a merfolk
     7 | D:1      | Noticed a felid
     8 | D:1      | Noticed a barachi
    13 | D:1      | Noticed a naga
    13 | D:1      | Noticed a spriggan
    15 | D:1      | Noticed an octopode
    15 | D:1      | Noticed a palentonga
    15 | D:1      | Noticed a barachi
    17 | D:1      | Noticed a merfolk
    17 | D:1      | Noticed a troll
    19 | D:1      | Noticed a ghoul
    21 | D:1      | Noticed an octopode
   403 | D:1      | Reached XP level 2. HP: 29/29 MP: 2/2
   753 | D:1      | Reached XP level 3. HP: 35/35 MP: 3/3
   900 | D:1      | Found a faded altar of an unknown god.
   908 | D:1      | Got Plato's Catalogue of the Escort
   938 | D:1      | Became a worshipper of Zin the Law-Giver
   938 | D:1      | Reached * piety under Zin
  1087 | D:2      | Reached skill level 1 in Invocations
  1187 | D:2      | Reached ** piety under Zin
  1410 | D:2      | Reached skill level 1 in Short Blades
  1410 | D:2      | Reached skill level 1 in Axes
  1410 | D:2      | Reached skill level 1 in Maces & Flails
  1410 | D:2      | Reached skill level 1 in Polearms
  1410 | D:2      | Reached skill level 1 in Staves
  1410 | D:2      | Reached skill level 1 in Slings
  1410 | D:2      | Reached skill level 1 in Bows
  1410 | D:2      | Reached skill level 1 in Crossbows
  1410 | D:2      | Reached skill level 1 in Stealth
  1410 | D:2      | Reached skill level 1 in Shields
  1410 | D:2      | Reached skill level 1 in Unarmed Combat
  1410 | D:2      | Reached skill level 1 in Spellcasting
  1469 | D:2      | Reached XP level 4. HP: 32/41 MP: 5/5
  2072 | D:3      | Reached skill level 1 in Conjurations
  2072 | D:3      | Reached skill level 1 in Hexes
  2072 | D:3      | Reached skill level 1 in Summonings
  2072 | D:3      | Reached skill level 1 in Necromancy
  2072 | D:3      | Reached skill level 1 in Translocations
  2072 | D:3      | Reached skill level 1 in Transmutations
  2072 | D:3      | Reached skill level 1 in Fire Magic
  2072 | D:3      | Reached skill level 1 in Ice Magic
  2072 | D:3      | Reached skill level 1 in Air Magic
  2072 | D:3      | Reached skill level 1 in Earth Magic
  2072 | D:3      | Reached skill level 1 in Poison Magic
  2143 | D:3      | You fall into a shaft and drop 3 floors!
  2179 | D:6      | Noticed a phantom
  2207 | D:5      | Entered Level 5 of the Dungeon
  2235 | D:5      | Noticed a scorpion
  2468 | D:5      | Found a broken altar of Ashenzari.
  2475 | D:5      | Found a burning altar of Makhleb.
  2508 | D:5      | Reached XP level 5. HP: 29/47 MP: 5/7
  2966 | D:4      | Slain by a gnoll

Illustrated notes

Levels and vault maps discovered:
D:1:      shiori_arrival_whats_in_store_for_you, layout_loops_cross,
          shapermc_ecumenical_altar_rom_forum
D:2:      layout_basic, chequers_serial_rivers_large_a, minmay_misc_feat_iff,
          minmay_cut_off
D:3:      cheibrodos_old_hovel, layout_loops_cross,
          mainiacjoe_overflow_two_lobes
D:4:      layout_loops_corners, minmay_three_crescents, uniq_grinder
D:5:      layout_gridville, amethyst_overflow_temple_binary, serial_shops,
          nicolae_square_shop
D:6:      layout_basic, minivault_4

Skill      XL: |  1  2  3  4  5 |
---------------+----------------+-----
Invocations    | 1 |  1.6
Short Blades   | 1 |  1.4
Axes           | 1 |  1.4
Maces & Flails | 1 |  1.4
Polearms       | 1 |  1.4
Staves         | 1 |  1.4
Slings         | 1 |  1.4
Bows           | 1 |  1.4
Crossbows      | 1 |  1.4
Stealth        | 1 |  1.4
Shields        | 1 |  1.4
Unarmed Combat | 1 |  1.4
Spellcasting   | 1 |  1.4
Conjurations   | 1 |  1.1
Hexes          | 1 |  1.1
Summonings     | 1 |  1.1
Necromancy     | 1 |  1.1
Translocations | 1 |  1.1
Transmutations | 1 |  1.1
Fire Magic     | 1 |  1.1
Ice Magic      | 1 |  1.1
Air Magic      | 1 |  1.1
Earth Magic    | 1 |  1.1
Poison Magic   | 1 |  1.1
Long Blades    | 3 |  3.0
Throwing       | 3 |  3.0
Dodging        | 3 |  3.0
Evocations     | 3 |  3.0
Fighting       | |  6.7
Armour         | |  6.7

Action                   |  1- 3 |  4- 6 || total
-------------------------+-------+-------++-------
Melee: Falchion          |   109 |    63 ||   172
       Bite              |    10 |     5 ||    15
       Dagger            |    13 |       ||    13
Invok: Recite            |       |     1 ||     1
  Use: Scroll            |       |     4 ||     4
       Potion            |       |     3 ||     3
Armor: Ring mail         |    51 |    35 ||    86
Dodge: Dodged            |    76 |    42 ||   118
       Rpst.: Falchion   |    17 |    17 ||    34
